 Dungeon Crawl Stone Soup version 0.30-a0-634-g8abc85282e (webtiles) character file.

Game seed: 14392276745709076967

12 holysushi the Magician (level 2, -1/20 HPs)
             Began as a Meteoran Hedge Wizard on Jan 15, 2023.
             Slain by a gnoll
             ... wielding a +0 whip
              (2 damage)
             ... on level 2 of the Dungeon.
             The game lasted 00:02:09 (352 turns).

holysushi the Magician (Meteoran Hedge Wizard)       Turns: 352, Time: 00:02:09

Health: -1/20      AC:  2    Str: 11    XL:     2   Next: 64%
Magic:  6/8        EV: 12    Int: 15    God:
Gold:   22         SH:  0    Dex: 13    Spells: 6/9 levels left

rFire   . . .      SeeInvis .    a - +0 dagger
rCold   . . .      Faith    .    (no shield)
rNeg    . . .      Spirit   .    b - +0 robe
rPois   .          Reflect  .    c - +0 hat
rElec   .          Harm     .    (no cloak)
rCorr   .          Rampage  .    (no gloves)
Will    .....                    (no boots)
Stlth   +                        (no amulet)
HPRegen 0.23/turn                (no ring)
MPRegen 0.11/turn                (no ring)

@: silenced, glowing
A: sense surroundings 1, otherworldly, glowing, explore regen
a: no special abilities


You were on level 2 of the Dungeon.
You visited 1 branch of the dungeon, and saw 2 of its levels.

You collected 22 gold pieces.

Inventory:

Hand Weapons
 a - a +0 dagger (weapon)
Armour
 b - a +0 robe (worn)
 c - a +0 hat (worn)
Scrolls
 i - 2 scrolls of enchant weapon {unknown}
Potions
 d - a potion of magic
 f - a potion of curing {unknown}
 g - a potion of flight {unknown}
 h - a potion of heal wounds {unknown}


   Skills:
 + Level 0.0 Fighting
 + Level 2.1 Short Blades
 - Level 2.4 Dodging
 - Level 1.4 Stealth
 - Level 4.0 Spellcasting
 - Level 1.2 Conjurations
 - Level 1.2 Summonings
 - Level 1.2 Translocations


You had 6 spell levels left.
You knew the following spells:

 Your Spells              Type           Power      Damage    Failure   Level
a - Magic Dart            Conj           24%        1d4       11%         1
b - Blink                 Tloc           12%        N/A       17%         2

Your spell library contained the following spells:

 Spells                   Type           Power      Damage    Failure   Level
 Call Imp                 Summ           6%         N/A       17%         2
 Slow                     Hex            12%        N/A       19%         1
 Cigotuvi's Dreadful Rot  Necr/Pois/Air  6%         N/A       26%         2
 Sublimation of Blood     Necr           3%         N/A       26%         2
 Kindle Blastsparks       Fire/Tloc/Air  8%         2d10      43%         3
 Mephitic Cloud           Conj/Pois/Air  4%         N/A       43%         3
 Ignite Poison            Fire/Tmut/Pois 3%         N/A       47%         3
 Petrify                  Tmut/Erth      3%         N/A       87%         4
 Irradiate                Conj/Tmut      2%         3d12      98%         5
 Freezing Cloud           Conj/Ice/Air   2%         6-21      99%         5


Dungeon Overview and Level Annotations

Branches:
Dungeon (2/15) Zot: 849

Altars:


Innate Abilities, Weirdness & Mutations

You passively map a small area around you.
You are easily found by Zot.
You glow in the dark.
You regain HP and MP as you explore.


Message History

The magic dart hits the gnoll.
The gnoll is lightly wounded.
You see here a +0 dagger.
Casting: Magic Dart (safe; 11% risk of failure)
Confirm with . or Enter, or press ? or * to list all spells.
Aiming: Magic Dart (safe; 11% risk of failure)
Press: ? - help, Shift-Dir - straight line, f/p - gnoll
Aim: a gnoll, wielding a +0 club (100% to hit)
The magic dart hits the gnoll but does no damage.
Casting: Magic Dart (safe; 11% risk of failure)
Confirm with . or Enter, or press ? or * to list all spells.
Aiming: Magic Dart (safe; 11% risk of failure)
Press: ? - help, Shift-Dir - straight line, f/p - gnoll
Aim: a gnoll, wielding a +0 club (100% to hit)
The magic dart hits the gnoll but does no damage.
You closely miss the gnoll. The gnoll hits you but does no damage.
You hit the gnoll but do no damage. You barely miss the gnoll.
The gnoll hits you with a +0 club.
A gnoll comes into view. It is wielding a +0 flail.
You completely miss the gnoll.
The gnoll shouts!
You hear a shout!
You hit the gnoll. You punch the gnoll.
The gnoll is moderately wounded.
A gnoll comes into view. It is wielding a +0 halberd.
You hit the gnoll.
The gnoll is moderately wounded.
The gnoll hits you with a +0 whip.
You barely miss the gnoll.
The gnoll is moderately wounded.
The gnoll hits you with a +0 whip.
* * * LOW HITPOINT WARNING * * *
You hit the gnoll.
The gnoll is moderately wounded.
The gnoll hits you with a +0 whip.
* * * LOW HITPOINT WARNING * * *
As you read the scroll labelled YBOINLUASU, it crumbles to dust.
A profound silence engulfs you.
It was a scroll of silence.
The gnoll barely misses you. The gnoll attacks as you move away!
The gnoll hits you with a +0 whip.
You die...

, ####*### ** * **
*#.. ... , , ,
,##.##.# * * *
######....#* ##
.......#.## ##.# #
, ***###....###.#
## #....##.#.##
##.
#@######.#######..
##g# #.#....^....
##gg# ##.#######..
#.g.# ### ##.
#♣.♣# ## * * #.).#
# #♣.♣# #### #...#
#..† #8.♣# #.##


You could see 4 gnolls.

Vanquished Creatures
  A ball python (D:1)
  A bat (D:1)
  A hobgoblin (D:1)
  2 quokkas
  2 goblins
  2 kobolds (D:1)
  3 rats
12 creatures vanquished.

Notes
Turn   | Place    | Note
-------+----------+-------------------------------------------
     0 | D:1      | holysushi the Meteoran Hedge Wizard began the quest for the
                  | Orb.
     0 | D:1      | Reached XP level 1. HP: 14/14 MP: 6/6
    61 | D:1      | Reached skill level 1 in Short Blades
   109 | D:1      | Reached XP level 2. HP: 19/20 MP: 4/8
   238 | D:2      | Learned a level 2 spell: Blink
   350 | D:2      | HP: 1/20 [gnoll/+0 whip (5)]
   352 | D:2      | Slain by a gnoll

Illustrated notes

Levels and vault maps discovered:
D:1:      scummos_arrival_hexagon, layout_loops_ring,
          ebering_ecumenical_altar_webs, nicolae_concentric_dashed_squares_wild
D:2:      layout_loops_ring, basic_altar, st_stairs_7, chequers_avenue

Skill      XL: |  1  2 |
---------------+-------+-----
Short Blades   | 1 2 |  2.1
Dodging        | |  2.4
Stealth        | |  1.4
Spellcasting   | |  4.0
Conjurations   | |  1.2
Summonings     | |  1.2
Translocations | |  1.2

Action                   || total
-------------------------++-------
Melee: Dagger            ||    20
       Punch             ||     1
 Cast: Magic Dart        ||    30
  Use: Scroll            ||     1
Armor: Robe              ||     5
Dodge: Dodged            ||     9

Table legend: (Time is in decaauts)
 A = Elapsed time spent in this place.
 B = Non-inter-level travel time spent in this place.
 C = Inter-level travel time spent in this place.
 D = Time resting spent in this place.
 E = Time spent auto-exploring this place.
 F = Levels seen in this place.
 G = Mean time per level.
                   A        B        C        D        E       F      G
               +--------+--------+--------+--------+--------+-----+--------+
         Total |    350 |    350 |      0 |     15 |      0 |   2 |  175.0 |
       Dungeon |    350 |    350 |      0 |     15 |      0 |   2 |  175.0 |
               +--------+--------+--------+--------+--------+-----+--------+

Top non-repeatable levels by time:
     D:1: 228 daAuts
     D:2: 122 daAuts
